 Dungeon Crawl Stone Soup version 0.22.0-16-gc6d26f6 (webtiles) character file.

219 frankhovis the Cudgeler (level 5, -21/53 HPs)
             Began as a Troll Chaos Knight on Aug 18, 2018.
             Demolished by an ogre
             ... wielding a +0 giant spiked club
              (25 damage)
             ... on level 4 of the Dungeon.
             The game lasted 00:41:03 (2995 turns).

frankhovis the Cudgeler (Troll Chaos Knight)        Turns: 2995, Time: 00:41:04

Health: -21/53     AC:  7    Str: 28    XL:     5   Next: 63%
Magic:  4/4        EV: 10    Int:  8    God:    Xom [..*...]
Gold:   220        SH:  0    Dex: 11    Spells: 4/4 levels left

rFire    . . .     SeeInvis .   a - +0 mace (chaos)
rCold    . . .     Gourm    +   (no shield)
rNeg     . . .     Faith    .   b - +2 robe
rPois    .         Spirit   .   (helmet restricted)
rElec    .         Reflect  .   (no cloak)
rCorr    .         Harm     .   (gloves unavailable)
MR       .....     Clarity  +   (boots unavailable)
Stlth    +.........             (no amulet)
HPRegen  0.57/turn              s - +2 ring of dexterity
MPRegen  0.09/turn              (no ring)

@: mighty
A: large, unfitting armour, claws 3, clarity, fast metabolism 3, gourmand,
regeneration 1, shaggy fur 1, strong 1, tough skin 2, sturdy frame 1
a: Renounce Religion


You were on level 4 of the Dungeon.
You worshipped Xom.
You were a toy of Xom.
You were completely stuffed.

You visited 1 branch of the dungeon, and saw 4 of its levels.

You collected 220 gold pieces.

Inventory:

Hand Weapons
 a - a +0 mace of chaos (weapon)
 i - a +0 hunting sling
 j - a +0 dagger
 t - a +0 dagger of protection
Missiles
 d - 18 poisoned needles
 g - 130 stones (quivered)
 r - 83 arrows
Armour
 b - a +2 robe (worn)
Jewellery
 f - a cursed -2 ring of protection {unknown}
 h - an uncursed amulet of inaccuracy
 s - a +2 ring of dexterity (left claw)
 u - an uncursed ring of ice {unknown}
Scrolls
 l - 2 scrolls of identify
 m - a scroll of immolation {unknown}
 n - a scroll of amnesia {unknown}
 o - a scroll of noise {unknown}
 p - 2 scrolls of magic mapping
 q - 3 scrolls of fog {unknown}
 v - a scroll of remove curse
 x - a scroll of teleportation
 y - a scroll of enchant armour {unknown}
 A - a scroll of blinking {unknown}
Potions
 e - a potion of curing {unknown}
 k - a potion of berserk rage {unknown}
 w - a potion of heal wounds {unknown}
Comestibles
 c - 11 rations


   Skills:
 + Level 3.5 Fighting
 + Level 4.0 Maces & Flails
 + Level 0.9 Throwing
 + Level 3.0 Dodging
 + Level 0.3 Stealth


You had 4 spell levels left.
You didn't know any spells.
Your spell library was empty.

Dungeon Overview and Level Annotations

Branches:
Dungeon (4/15)             Temple (0/1) D:4

Altars:
Cheibriados
Dithmenos
Okawaru
Qazlal
Ru
Trog
Uskayaw


Innate Abilities, Weirdness & Mutations

You are too large for most types of armour.
You have claws for hands.
Your metabolism is lightning-fast.
You like to eat raw meat.
Your natural rate of healing is unusually fast.
You are covered in fur. (AC +1)
You have very tough skin. (AC +2)
You possess an exceptional clarity of mind.
Your muscles are strong. (Str +2)
Your movements are slightly less encumbered by armour. (ER -2)


Message History

Press: ? - help, v - describe, . - travel
Here: an ogre, wielding a giant spiked club (magical condensation, heavily wounded, fast)
The floor, spattered with blood.
Unknown command.
You barely miss the ogre.
The ogre is heavily wounded.
The ogre hits you with a giant spiked club!
* * * LOW HITPOINT WARNING * * *
The ogre closely misses you.
You barely miss the ogre.
The ogre is heavily wounded.
The ogre barely misses you.
Press: ? - help, v - describe, . - travel
Here: an ogre, wielding a giant spiked club (magical condensation, heavily wounded, fast)
The floor, spattered with blood.
Unknown command.
Unknown command.
The ogre hits you with a giant spiked club!!
You die...
Xom chuckles heartily!

### #######
####.##########......
###.).............####.
#...##..###########....
#.)####.# #.....)###
##....@O### ##.########
###############§§§###..##......
##..........##
##§§§##.#########
##............## #...........#
#..............#
#..)...####.####
#..............# ##)...##
#......
#<.............###..##.#
#......
#......................#
#......
#............<.######).#
#......


You could see an ogre.

Vanquished Creatures
  An orc priest (D:3)
  Terence (D:3)
  Robin (D:4)
  2 adders
  5 gnolls
  An ooze (D:1)
  6 worms
  2 leopard geckos
  7 orcs
  2 giant cockroaches (D:3)
  11 goblins
  6 hobgoblins
  2 jackals (D:2)
  5 kobolds
  A quokka (D:2)
  A ball python (D:4)
  A ball python skeleton (D:4)
  7 bats
  3 frilled lizards
  2 rats
67 creatures vanquished.

Vanquished Creatures (collateral kills)
  A goblin (D:4)
1 creature vanquished.

Grand Total: 68 creatures vanquished

Notes
Turn   | Place    | Note
-------+----------+-------------------------------------------
     0 | D:1      | frankhovis the Troll Chaos Knight began the quest for the Orb.
     0 | D:1      | Reached XP level 1. HP: 22/22 MP: 0/0
   213 | D:1      | XOM: harmless Hex miscast
   216 | D:1      | XOM: divination: detect creatures
   239 | D:1      | Reached XP level 2. HP: 28/29 MP: 1/1
   250 | D:1      | XOM: divination: detect items
   432 | D:1      | Reached skill level 3 in Maces & Flails
   785 | D:1      | XOM: divination: magic mapping
   793 | D:1      | Reached XP level 3. HP: 19/37 MP: 2/2
  1365 | D:2      | Found a sacrificial altar of Ru.
  1366 | D:2      | Found a bloodstained altar of Trog.
  1366 | D:2      | Found a hide-covered altar of Uskayaw.
  1367 | D:2      | Found a shadowy altar of Dithmenos.
  1367 | D:2      | Found a snail-covered altar of Cheibriados.
  1368 | D:2      | Found a stormy altar of Qazlal.
  1597 | D:3      | Found an iron altar of Okawaru.
  1619 | D:3      | XOM: harmless Hex miscast
  1859 | D:3      | Noticed Terence
  1982 | D:4      | XOM: enchant monster (bad)
  2001 | D:4      | XOM: harmless Tmut miscast
  2004 | D:4      | XOM: potion effect (curing)
  2008 | D:4      | Reached XP level 4. HP: 38/45 MP: 3/3
  2014 | D:4      | XOM: smoke on damage
  2085 | D:4      | Noticed Robin
  2085 | D:4      | Noticed an ogre
  2106 | D:4      | XOM: summons friendly iron imp
  2110 | D:4      | XOM: potion effect (brilliance)
  2158 | D:4      | XOM: confuse monster(s)
  2236 | D:3      | XOM: summons 2 hostile demons
  2366 | D:3      | Killed Terence
  2366 | D:3      | Reached XP level 5. HP: 49/53 MP: 4/4
  2391 | D:3      | XOM: give mutations
  2391 | D:3      | Gained mutation: Your movements are slightly less encumbered by armour. (ER -2) [Xom's grace]
  2391 | D:3      | Gained mutation: You possess an exceptional clarity of mind. [Xom's grace]
  2391 | D:3      | Gained mutation: Your muscles are strong. (Str +2) [Xom's grace]
  2427 | D:3      | XOM: scenery: 1 doors close
  2769 | D:3      | XOM: scenery: 1 doors close
  2823 | D:4      | Found a staircase to the Ecumenical Temple.
  2828 | D:4      | Killed Robin
  2871 | D:4      | Reached skill level 4 in Maces & Flails
  2975 | D:4      | XOM: confuse monster(s)
  2981 | D:4      | XOM: potion effect (might)
  2987 | D:4      | XOM: smoke on damage
  2995 | D:4      | Demolished by an ogre

Skill      XL: |  1  2  3  4  5 |
---------------+----------------+-----
Dodging        | 2 3 |  3.0
Maces & Flails | 3 4 |  4.0
Fighting       | 3 |  3.5
Throwing       | |  0.9
Stealth        | |  0.3

Action                   |  1- 3 |  4- 6 || total
-------------------------+-------+-------++-------
Melee: Mace              |   153 |   116 ||   269
Throw: Stone             |    13 |    17 ||    30
  Use: Scroll            |     4 |     1 ||     5
       Potion            |       |     1 ||     1
 Stab: Paralysed         |     2 |       ||     2
       Sleeping          |       |     1 ||     1
  Eat: Chunk             |    14 |    16 ||    30
       Ration            |     1 |       ||     1
Armor: Robe              |    67 |    59 ||   126
Dodge: Dodged            |    74 |    71 ||   145
